 Dungeon Crawl Stone Soup version 0.28-b1-25-g9875b3fc8c (webtiles) character file.

Game seed: 15171092152155206877

158 crazypyro the Chopper (level 5, 0/41 HPs)
             Began as a Demonspawn Fighter on Jan 31, 2022.
             Was an Initiate of Gozag.
             Killed by divine providence
             ... invoked by an orc priest
              (12 damage)
             ... on level 4 of the Dungeon.
             The game lasted 00:03:27 (2961 turns).

crazypyro the Chopper (Demonspawn Fighter)          Turns: 2961, Time: 00:03:29

Health: 0/41       AC: 10    Str: 19    XL:     5   Next: 16%
Magic:  5/5        EV: 10    Int:  9    God:    Gozag
Gold:   208        SH:  4    Dex: 12    Spells: 4/4 levels left

rFire   . . .      SeeInvis .   a - +1 war axe
rCold   . . .      Faith    .   c - +0 buckler
rNeg    . . .      Spirit   .   i - +0 chain mail
rPois   .          Reflect  .   (no helmet)
rElec   .          Harm     .   (no cloak)
rCorr   .          Rampage  .   g - +0 pair of gloves
Will    .....                   (no boots)
Stlth   ..........              (no amulet)
HPRegen 2.13/turn               h - +4 ring of evasion
MPRegen 0.09/turn               (no ring)

@: gold aura
A: powered by death 2, powered by pain 1
a: Renounce Religion, Potion Petition, Call Merchant, Bribe Branch


You were on level 4 of the Dungeon.
You worshipped Gozag.
Gozag was aware of your devotion.
You visited 1 branch of the dungeon, and saw 4 of its levels.

You collected 235 gold pieces.
You paid 27 gold pieces to Gozag.

Inventory:

Hand Weapons
 a - a +1 war axe (weapon)
Armour
 b - a +0 scale mail
 c - a +0 buckler (worn)
 g - a +0 pair of gloves (worn)
 i - a +0 chain mail (worn)
Jewellery
 f - a ring of fire
 h - a +4 ring of evasion (left hand)
 k - an amulet of regeneration
 q - a ring of fire
Wands
 n - a wand of paralysis (13)
Scrolls
 l - 2 scrolls of identify
Potions
 d - a potion of might
 e - 2 potions of heal wounds
 j - a potion of invisibility {unknown}
 m - a potion of magic {unknown}
 o - a potion of brilliance {unknown}
 p - a potion of degeneration {unknown}


   Skills:
 - Level 3.0 Fighting
 + Level 5.0 Axes
 - Level 2.6 Armour
 - Level 2.6 Shields


You had 4 spell levels left.
You didn't know any spells.
Your spell library contained the following spells:

 Spells                   Type           Power      Damage    Failure   Level
 Animate Skeleton         Necr           0%         N/A       100%        1
 Apportation              Tloc           0%         N/A       100%        1
 Summon Small Mammal      Summ           0%         N/A       100%        1
 Call Canine Familiar     Summ           0%         N/A       100%        3
 Summon Guardian Golem    Hex/Summ       0%         N/A       100%        3


Dungeon Overview and Level Annotations

Branches:
Dungeon (4/15)
 Temple: D:4-7

Altars:
Elyvilon
Gozag
Yredelemnul

Shops:
D:4 =


Innate Abilities, Weirdness & Mutations

You regenerate health from kills.
You sometimes gain a little power by taking damage.


Message History

The orc is severely wounded.
You miss something.
The orc priest begins to cast a cantrip, but forgets the words!
The gnoll barely misses you. The orc closely misses you.
Something hits you but does no damage.
You closely miss the orc.
The orc is severely wounded.
You hit something.
The orc priest mumbles some strange prayers to Beogh against you.
Beogh smites you! The gnoll hits you but does no damage.
The orc hits you with a +0 club. Something hits you.
You hit the orc.
You kill the orc!
You closely miss something. The gnoll barely misses you. Something hits you.
The gnoll hits you with a +0 flail. The gnoll hits you but does no damage.
Your Axes skill increases to level 5!
You hit the gnoll.
The gnoll is lightly wounded.
You hit something but do no damage. Something hits you.
You block the gnoll's attack. Something hits you but does no damage.
You closely miss the gnoll.
The gnoll is lightly wounded.
You closely miss something. The gnoll barely misses you.
The gnoll hits you from afar with a +0 halberd!
Something hits you but does no damage.
You are too injured to fight recklessly!
You are too injured to fight recklessly!
You closely miss something. You completely miss the gnoll.
The gnoll hits you from afar with a +0 halberd!
* * * LOW HITPOINT WARNING * * *
Something completely misses you. The gnoll barely misses you.
You slash something!
Reactivating autopickup.
You feel a bit more experienced.
You hit the gnoll. The gnoll closely misses you. The gnoll barely misses you.
You block the gnoll's attack.
The orc priest mumbles some strange prayers to Beogh against you.
Beogh smites you!
You die...
Your body crumbles into a pile of gold.

##..########...#
#..#..........#
#......#####'###
...##.#.# #.#.#
......#.# #.#.#
.....<#.# #.#.#######
....#.#.# #.........#
......#.#####...#...#.
.#..#.#.#.......@# #..
.#.
..#.#.####..$go.....
.. ###.. +...#g#....
#..#...# .. #........
#.....###. #.....# .
#.. ..#


You could see an orc priest and 2 gnolls.

Vanquished Creatures
  2 orc wizards (D:4)
  2 adders
  An ufetubus (D:4)
  2 worms (D:3)
  5 dart slugs
  8 orcs
  6 ball pythons
  4 endoplasms
  2 giant cockroaches (D:2)
  5 goblins
  7 hobgoblins
  18 jackals
  A quokka (D:3)
  4 bats
  2 frilled lizards (D:3)
  9 kobolds
  3 rats (D:1)
81 creatures vanquished.

Notes
Turn   | Place    | Note
-------+----------+-------------------------------------------
     0 | D:1      | crazypyro the Demonspawn Fighter began the quest for the
                  | Orb.
     0 | D:1      | Reached XP level 1. HP: 18/18 MP: 1/1
    62 | D:1      | Reached skill level 2 in Axes
   381 | D:1      | Gained mutation: You regenerate a little health from kills.
                  | [demonic ancestry]
   381 | D:1      | Reached XP level 2. HP: 24/24 MP: 2/2
   628 | D:1      | Reached skill level 3 in Axes
   816 | D:2      | Reached XP level 3. HP: 29/29 MP: 3/3
   850 | D:2      | Found a faded altar of an unknown god.
  2093 | D:3      | Reached skill level 4 in Axes
  2093 | D:3      | Gained mutation: You sometimes gain a little power by
                  | taking damage. [demonic ancestry]
  2093 | D:3      | Reached XP level 4. HP: 35/35 MP: 4/4
  2323 | D:3      | Found an opulent altar of Gozag.
  2342 | D:3      | Found a basalt altar of Yredelemnul.
  2421 | D:3      | Became a worshipper of Gozag Ym Sagoz the Greedy
  2821 | D:4      | Gained mutation: You regenerate health from kills. [demonic
                  | ancestry]
  2821 | D:4      | Reached XP level 5. HP: 31/41 MP: 5/5
  2948 | D:4      | Found Nufuckaa's Jewellery Shoppe.
  2958 | D:4      | Reached skill level 5 in Axes
  2961 | D:4      | Killed from afar by an orc priest

Illustrated notes

Levels and vault maps discovered:
D:1:      amcnicky_arrival_blooded_trapdoor, layout_loops_ring
D:2:      layout_basic, ebering_ecumenical_altar_box, dk_vineyard_3
D:3:      layout_rooms, grunt_temple_overflow_diamond
D:4:      layout_basic, led_sif_pool, mainiacjoe_overflow_concentric_impassable,
          serial_shops, nicolae_shop_advertising_works
          [nicolae_subvault_shop_adworks], minmay_liquid_box,
          grunt_ministairs_10

Skill      XL: |  1  2  3  4  5 |
---------------+----------------+-----
Axes           | 2 3 4 5 |  5.0
Fighting       | |  3.0
Armour         | |  2.6
Shields        | |  2.6

Action                   |  1- 3 |  4- 6 || total
-------------------------+-------+-------++-------
Melee: War axe           |   101 |    82 ||   183
  Use: Scroll            |     3 |       ||     3
Armor: Scale mail        |    18 |       ||    18
       Chain mail        |    24 |    54 ||    78
Dodge: Dodged            |    55 |    52 ||   107
Block: Buckler           |    23 |    15 ||    38
